Map: Acropolis LE

Players

Kelazhur

  • Race: Terran Terran
  • Spawn Location: 5:00

PtitDrogo - Winner!

  • Race: Protoss Protoss
  • Spawn Location: 11:00

Event: 2019 WCS Summer

VOD

Have the link to the VOD?

Description

Time

  • Played on: July 12, 2019, 1:30 p.m.
  • Length: 8:01

All games in this series

Show
View Real Time Build Order
Export as new Build Order

Kelazhur Terran 

Build Orders: Gas First Reaper Expand, Banshee Rush 

Get SALT Encoding   

  12  0:00  SCV  
  13  0:13  SCV  
  14  0:17  Supply Depot  
  14  0:25  SCV  
  14  0:28  Refinery  
  15  0:38  SCV  
  16  0:44  Barracks  
  16  0:50  SCV  
  17  1:03  SCV  
  18  1:15  SCV  
  19  1:31  Orbital Command, Reaper  
  20  1:44  Command Center  
  20  1:54  Factory  
  20  1:58  SCV  
  21  2:06  Barracks Reactor  
  21  2:10  SCV  
  21  2:14  Supply Depot  
  22  2:16  Refinery  
  22  2:22  SCV  
  23  2:36  SCV  
  24  2:43  Starport  
  24  2:47  Hellion x2  
  24  2:48  SCV  
  29  2:58  Barracks Tech Lab  
  29  3:00  SCV  
  29  3:01  Orbital Command  
  30  3:11  Hellion x2  
  34  3:15  SCV  
  35  3:25  Cloaking Field  
  35  3:27  Banshee  
  35  3:30  SCV  
  35  3:31  SCV  
  40  3:39  Marine, Supply Depot  
  40  3:40  Marine  
  40  3:41  Factory Tech Lab  
  42  3:43  SCV x2  
  44  3:55  SCV x2  
  45  4:01  Marine x2, Supply Depot  
  48  4:03  Siege Tank  
  48  4:07  SCV  
  48  4:08  SCV  
  53  4:18  Supply Depot  
  53  4:19  Marine  
  53  4:23  Marine, Banshee, SCV  
  59  4:28  SCV  
  60  4:37  Supply Depot  
  60  4:38  Barracks  
  60  4:39  Barracks  
  60  4:40  Siege Tank  
  60  4:42  Supply Depot  
  60  4:44  Marine x2  
  65  4:48  SCV  
  65  4:49  SCV  
  67  5:00  SCV  
  67  5:01  SCV  
  67  5:03  Marine x2  
  67  5:06  Refinery  
  71  5:07  Refinery  
  71  5:09  Engineering Bay  
  71  5:12  SCV  
  72  5:14  Starport Reactor  
  72  5:15  SCV  
  72  5:18  Supply Depot  
  73  5:21  Factory Reactor  
  73  5:24  Marine x2, SCV  
  73  5:27  SCV  
  77  5:30  Supply Depot  
  77  5:36  SCV  
  77  5:37  Terran Infantry Weapons Level 1  
  77  5:39  SCV  
  77  5:42  Combat Shield  
  79  5:45  Marauder x2, Marine x2  
  79  5:48  SCV  
  86  5:52  SCV  
  86  5:55  Supply Depot  
  87  5:58  Medivac  
  87  6:01  SCV, Supply Depot  
  87  6:03  Marine  
  87  6:04  Marine  
  92  6:05  Supply Depot  
  92  6:07  Marauder  
  92  6:09  Marauder  
  96  6:15  Supply Depot  
  96  6:16  Widow Mine x2  
  100  6:18  Medivac  
  102  6:26  Supply Depot  
  102  6:28  Medivac  
  102  6:29  Marine x2  
  108  6:32  Marauder  
  108  6:41  Marauder  
  108  6:45  Widow Mine x2  
  111  6:48  Marine  
  111  6:49  Marine  
  115  6:54  Marauder  
  115  7:05  Marauder, Medivac x2  
  121  7:13  Marine x2  
  123  7:16  Marauder  
  123  7:20  Command Center  
  125  7:26  Widow Mine x2  
  125  7:27  Marauder  
  127  7:31  Marine x2  
  126  7:37  Marauder  
Show
View Real Time Build Order
Export as new Build Order

PtitDrogo Protoss - Winner!

Build Orders: 1 Gate Expand, Zealot Archon, Archon Drop 

Get SALT Encoding   

  12  0:00  Probe  
  13  0:13  Probe  
  14  0:18  Pylon  
  14  0:25  Probe  
  15  0:34  Probe  
  15  0:36  Gateway  
  15  0:42  Probe  
  16  0:48  Assimilator  
  17  0:52  Probe  
  18  1:04  Probe  
  19  1:16  Probe  
  20  1:23  Nexus  
  20  1:32  Cybernetics Core  
  20  1:36  Probe  
  21  1:41  Assimilator  
  21  1:48  Probe  
  21  1:51  Pylon  
  22  1:59  Stalker  
  22  2:00  Probe  
  23  2:09  Warp Gate  
  23  2:12  Probe  
  26  2:23  Robotics Facility  
  26  2:25  Probe  
  27  2:31  Probe  
  27  2:32  Stalker  
  27  2:33  Probe  
  30  2:40  Probe  
  30  2:41  Probe  
  32  2:49  Probe  
  33  2:51  Probe  
  35  3:01  Probe  
  35  3:02  Sentry  
  35  3:03  Probe  
  35  3:04  Gateway  
  39  3:06  Observer  
  39  3:10  Gateway  
  40  3:15  Probe x2  
  42  3:20  Pylon  
  42  3:24  Observer  
  42  3:27  Probe  
  42  3:28  Probe  
  45  3:34  Assimilator  
  45  3:36  Probe, Assimilator  
  45  3:37  Pylon  
  45  3:40  Probe  
  47  3:44  Probe  
  47  3:45  Observer  
  49  3:52  Probe  
  49  3:54  Probe  
  49  3:55  Pylon  
  50  3:58  Stalker  
  53  4:04  Stalker, Probe  
  53  4:05  Stalker  
  53  4:06  Probe  
  59  4:12  Twilight Council  
  59  4:16  Forge  
  59  4:32  Gateway x2  
  59  4:34  Gateway  
  59  4:36  Stalker  
  61  4:38  Shield Battery  
  61  4:44  Charge  
  61  4:45  Protoss Ground Armor Level 1  
  61  4:49  Pylon  
  61  4:52  Warp Prism  
  62  4:59  Probe  
  62  5:00  Probe  
  62  5:11  Templar Archives  
  62  5:12  Probe  
  62  5:13  Gateway x2  
  63  5:15  Probe  
  64  5:23  Shield Battery  
  64  5:27  Pylon  
  65  5:32  Stalker  
  65  5:41  Nexus  
  65  5:49  High Templar x2  
  69  5:53  Archon  
  69  5:54  High Templar  
  69  5:56  High Templar  
  73  5:59  Zealot x2, Pylon  
  73  6:02  Pylon  
  73  6:03  Archon  
  77  6:09  Probe  
  78  6:14  Pylon  
  78  6:17  Probe  
  79  6:18  Pylon  
  79  6:22  Probe  
  80  6:29  Zealot x2  
  84  6:38  Probe  
  85  6:43  Probe  
  86  6:49  High Templar x2  
  86  6:50  Pylon  
  86  6:51  Zealot x5  
  100  6:54  Probe x2, Shield Battery  
  100  6:55  Probe  
  103  7:06  Probe  
  103  7:07  Archon  
  108  7:17  Pylon  
  108  7:19  High Templar x2  
  108  7:29  Zealot x6  
  116  7:31  Archon  
  108  7:46  Probe  
  108  7:50  Zealot x6  
Tags
 
Add a new tag
Caveats
  • Supply blocks, unpowered buildings, or Contaminate may cause inaccurate times.
  • Supply counts are checked every 10 seconds.